 Dungeon Crawl Stone Soup version 0.21.1-1-g345015fe64 (webtiles) character file.

1395 LevaFresel the Chopper (level 9, 0/68 HPs)
             Began as a Human Fighter on June 15, 2018.
             Was an Initiate of Makhleb.
             Slain by a gnoll sergeant
             ... wielding a +0 trident
              (8 damage)
             ... on level 5 of the Dungeon.
             The game lasted 00:15:20 (5186 turns).

LevaFresel the Chopper (Human Fighter)              Turns: 5186, Time: 00:15:21

Health: 0/68       AC:  8    Str: 20    XL:     9   Next: 0%
Magic:  9/9        EV:  8    Int:  8    God:    Makhleb [......]
Gold:   277        SH:  9    Dex: 13    Spells: 8/8 levels left

rFire    . . .     SeeInvis .   a - +1 war axe
rCold    . . .     Gourm    .   c - +0 shield
rNeg     . . .     Faith    .   b - +0 scale mail
rPois    .         Spirit   .   (no helmet)
rElec    .         Reflect  .   (no cloak)
rCorr    .         Harm     .   (no gloves)
MR       .....                  i - +0 pair of boots
Stlth    ..........             (no amulet)
HPRegen  0.21/turn              j - +3 ring of slaying
MPRegen  0.11/turn              (no ring)

@: heavily drained
A: no striking features
a: Renounce Religion


You were on level 5 of the Dungeon.
You worshipped Makhleb.
Makhleb was noncommittal.
You were not hungry.

You visited 2 branches of the dungeon, and saw 7 of its levels.

You collected 277 gold pieces.

Inventory:

Hand Weapons
 a - a +1 war axe (weapon)
 y - the +6 flail of Moiph {crush, +Fly rPois, unknown}
   (You found it on level 5 of the Dungeon)

   It inflicts extra damage upon your enemies.
   It protects you from poison.
   It lets you fly.
 z - a +1 scimitar
Missiles
 k - 3 needles of confusion (quivered)
Armour
 b - a +0 scale mail (worn)
 c - a +0 shield (worn)
 i - a +0 pair of boots (worn)
 q - a cursed +0 plate armour
Jewellery
 j - a +3 ring of slaying (left hand)
Wands
 t - a wand of polymorph (27)
 u - a wand of flame (14)
Scrolls
 d - a scroll of fog {unknown}
 e - a scroll of amnesia {unknown}
 g - 5 scrolls of identify
 h - 4 scrolls of enchant weapon
 l - 2 scrolls of remove curse {unknown}
 m - a scroll of enchant armour {unknown}
 o - a scroll of noise {unknown}
 r - a scroll of fear
 s - a scroll of magic mapping {unknown}
 x - a scroll of teleportation {unknown}
Potions
 n - a potion of cancellation {unknown}
 p - a potion of curing {unknown}
 v - a potion of heal wounds {unknown}
Comestibles
 f - 8 rations


   Skills:
 + Level 5.1(3.2) Fighting
 * Level 6.3(4.4) Axes
 + Level 5.1(3.2) Armour
 + Level 4.0(2.1) Dodging
 + Level 5.1(3.2) Shields


You had 8 spell levels left.
You didn't know any spells.

Dungeon Overview and Level Annotations

Branches:
Dungeon (6/15)             Temple (1/1) D:5

Altars:
Ashenzari
Cheibriados
Dithmenos
Elyvilon
Fedhas
Gozag
Hepliaklqana
Makhleb
Nemelex Xobeh
Okawaru
Qazlal
Ru
Sif Muna
Trog
Uskayaw
Vehumet
Wu Jian
Xom
Yredelemnul
Zin

Annotations:
D:6 Blork the orc


Message History

* * * LOW HITPOINT WARNING * * *
You block the bullfrog's attack. You block the gnoll sergeant's attack.
You slash the gnoll sergeant!
The gnoll sergeant is almost dead.
You slash the bullfrog!
The bullfrog hits you but does no damage.
The gnoll sergeant barely misses you.
The bullfrog hits you but does no damage.
You hit the gnoll sergeant but do no damage.
The gnoll sergeant is almost dead.
You slash the bullfrog!
You kill the bullfrog!
Makhleb accepts your kill.
Your base Dodging skill increases to level 4!
You have reached level 9!
Your experience leads to an increase in your attributes!
Increase (S)trength, (I)ntelligence, or (D)exterity?
You feel stronger.
The gnoll sergeant hits you with a trident!
You die...

#.........# #####
#.........# #....
#.........##### #....
#....#####....# #....
#....#...#....#####....
#....#...#....#...#....
#....#...#....#...#....
######...#....#...#....
#[@..'....#...#....
#g...#....#...#....
#....#....#...#....
#.........#...#....
####...######'#....
#≈≈...≈≈#.........
##≈..♣..≈#.....##'#
#####..............+...
#......♣._.♣.......#...


You could see a gnoll sergeant.

Vanquished Creatures
  Sigmund (D:4)
  Duvessa (D:4)
  An ice beast (D:5)
  A centaur (D:5)
  2 phantoms
  A bullfrog (D:5)
  Dowan (D:4)
  5 wights
  A crimson imp (D:5)
  A jelly (D:5)
  2 orc priests (D:5)
  A centaur skeleton (D:5)
  An iguana (D:3)
  An orc wizard (D:5)
  4 worker ants
  A howler monkey zombie (D:5)
  5 adders
  A shadow imp (D:5)
  2 oozes
  2 worms
  2 leopard geckos
  15 orcs
  4 giant cockroaches
  3 goblins
  5 hobgoblins
  7 jackals
  2 quokkas
  2 ball pythons
  2 bats
  8 frilled lizards
  3 kobolds
  A leopard gecko skeleton (D:5)
  5 rats
  A plant (D:3)
95 creatures vanquished.

Notes
Turn   | Place    | Note
-------+----------+-------------------------------------------
     0 | D:1      | LevaFresel the Human Fighter began the quest for the Orb.
     0 | D:1      | Reached XP level 1. HP: 18/18 MP: 1/1
   176 | D:1      | Reached XP level 2. HP: 21/24 MP: 2/2
   778 | D:2      | Reached XP level 3. HP: 22/29 MP: 3/3
  1379 | D:3      | Found a radiant altar of Vehumet.
  1379 | D:3      | Found an opulent altar of Gozag.
  1379 | D:3      | Found a blossoming altar of Fedhas.
  1399 | D:3      | Reached skill level 1 in Dodging
  1454 | D:3      | Reached skill level 3 in Axes
  1454 | D:3      | Reached XP level 4. HP: 11/35 MP: 4/4
  1898 | D:3      | Found a snail-covered altar of Cheibriados.
  2263 | D:4      | Reached XP level 5. HP: 31/41 MP: 5/5
  2712 | D:4      | Noticed Duvessa
  2714 | D:4      | Noticed Dowan
  2735 | D:4      | Killed Dowan
  2735 | D:4      | Reached XP level 6. HP: 48/48 MP: 6/6
  2755 | D:4      | Killed Duvessa
  2755 | D:4      | Reached skill level 4 in Axes
  2944 | D:4      | Noticed a phantom
  2972 | D:4      | Killed a phantom
  2972 | D:4      | Reached XP level 7. HP: 40/54 MP: 7/7
  2974 | D:4      | Noticed Sigmund
  2983 | D:4      | Killed Sigmund
  3170 | D:5      | Entered Level 5 of the Dungeon
  3348 | D:5      | Reached skill level 5 in Axes
  3569 | D:5      | Found a white marble altar of Elyvilon.
  3659 | D:5      | Reached XP level 8. HP: 61/61 MP: 8/8
  3742 | D:5      | Found a staircase to the Ecumenical Temple.
  3751 | Temple   | Entered the Ecumenical Temple
  3982 | Temple   | Became a worshipper of Makhleb the Destroyer
  4373 | D:5      | Got a dazzling flail
  4553 | D:6      | Reached skill level 6 in Axes
  4761 | D:6      | Reached skill level 5 in Fighting
  4761 | D:6      | Reached skill level 5 in Shields
  4765 | D:6      | Reached * piety under Makhleb
  4773 | D:6      | Reached skill level 5 in Armour
  4932 | D:6      | Noticed Blork the orc
  5186 | D:5      | Reached XP level 9. HP: 8/68 MP: 9/9
  5186 | D:5      | Slain by a gnoll sergeant

Skill      XL: |  1  2  3  4  5  6  7  8 |
---------------+-------------------------+-----
Dodging        | 1 2 3 4 |  4.0
Axes           | 3 4 5 6 |  6.3
Fighting       | 4 5 |  5.1
Armour         | 4 5 |  5.1
Shields        | 4 5 |  5.1

Action                   |  1- 3 |  4- 6 |  7- 9 || total
-------------------------+-------+-------+-------++-------
Melee: War axe           |    90 |    61 |   164 ||   315
       Unarmed           |       |    10 |       ||    10
  Use: Scroll            |     2 |     1 |       ||     3
       Potion            |     1 |       |     1 ||     2
 Stab: Confused          |       |     1 |       ||     1
       Invisible         |       |       |     2 ||     2
  Eat: Ration            |     1 |     1 |     2 ||     4
       Chunk             |       |       |     2 ||     2
Armor: Scale mail        |    21 |    18 |    61 ||   100
       Skin              |       |     1 |       ||     1
Dodge: Dodged            |    19 |    30 |    64 ||   113
Block: Shield            |    41 |    22 |   100 ||   163
